 Dungeon Crawl Stone Soup version 0.30.1-3-gfc49f6343a (webtiles) character file.

Game seed: 13500413964617806675

156 monsoonserge the Conjurer (level 5, -1/35 (41) HPs)
             Began as a Demonspawn Reaver on Aug 5, 2023.
             Slain by an orc
             ... wielding a +0 club
              (5 damage)
             ... on level 3 of the Dungeon.
             The game lasted 00:04:53 (2380 turns).

monsoonserge the Conjurer (Demonspawn Reaver)       Turns: 2380, Time: 00:04:54

HP:   -1/35 (41)    AC:  6    Str: 13    XL:     5   Next: 14%
MP:   7/8           EV: 11    Int: 16    God:
Gold: 124           SH:  0    Dex: 11    Spells: 7/8 levels left

rFire   . . .        a - +0 mace
rCold   . . .        (no shield)
rNeg    . . .        d - +0 ring mail
rPois   .            (no helmet)
rElec   .            (no cloak)
rCorr   .            (no gloves)
SInv    .            h - +0 pair of boots
Will    .....        (no amulet)
Stlth   +            (no ring)
HPRegen 0.25/turn    (no ring)
MPRegen 0.11/turn

%: no passive effects
@: heavily drained
A: powered by pain 1, sturdy frame 1
a: no special abilities


You were on level 3 of the Dungeon.
You visited 1 branch of the dungeon, and saw 3 of its levels.

You collected 124 gold pieces.

Inventory:

Hand Weapons
 a - a +0 mace (weapon)
Missiles
 e - 3 poisoned darts
Armour
 b - a +0 leather armour
 d - a +0 ring mail (worn)
 h - a +0 pair of boots (worn)
 i - a +0 chain mail
 q - a +0 scale mail
Jewellery
 l - a ring of ice
Scrolls
 m - a scroll of noise {unknown}
 o - a scroll of teleportation {unknown}
 p - a scroll of identify {unknown}
Potions
 c - a potion of berserk rage {unknown}
 f - a potion of haste {unknown}
 g - 2 potions of brilliance {unknown}
 j - a potion of attraction {unknown}
 k - 2 potions of curing {unknown}
 n - a potion of flight {unknown}


   Skills:
 + Level 3.1 Fighting
 + Level 3.3 Maces & Flails
 * Level 2.2 Armour
 + Level 2.2 Dodging
 - Level 2.0 Spellcasting
 + Level 3.3 Conjurations
 - Level 1.0 Necromancy


You had 7 spell levels left.
You knew the following spells:

 Your Spells              Type           Power      Damage    Failure   Level
a - Kiss of Death         Conj/Necr      32%        2d7       12%         1

Your spell library contained the following spells:

 Spells                   Type           Power      Damage    Failure   Level
 Momentum Strike          Conj/Tloc      12%        3d8       22%         2
 Ensorcelled Hibernation  Hex/Ice        2%         N/A       41%         2
 Hailstorm                Conj/Ice       6%         3d4       41%         3
 Spider Form              Tmut/Pois      1%         N/A       65%         3
 Anguish                  Hex/Necr       1%         N/A       94%         4


Dungeon Overview and Level Annotations

Branches:
Dungeon (3/15)

Altars:


Innate Abilities, Weirdness & Mutations

You sometimes gain a little power by taking damage.
Your movements are slightly less encumbered by armour. (ER -2)


Message History

The orc hits you but does no damage. The orc misses you.
Casting: Kiss of Death (safe; 12% risk of failure)
Confirm with . or Enter, or press ? or * to list all spells.
Aiming: Kiss of Death (safe; 12% risk of failure)
Press: ? - help, Shift-Dir - straight line, f - orc priest
Aim: an orc priest, wielding a +0 war axe (lightly wounded, 100% to hit)
The negative energy hits the orc priest!
The orc priest is drained!
You kill the orc priest!
You feel drained. The orc hits you with a +0 club. The orc closely misses you.
The orc barely misses you.
Your Armour skill increases to level 2!
You have reached level 5!
You hit the orc but do no damage. The orc barely misses you.
The orc closely misses you. The orc hits you with a +0 war axe.
You hit the orc but do no damage. The orc hits you with a +0 club. x2
The orc barely misses you. The orc closely misses you.
The orc hits you but does no damage. The orc misses you.
You hit the orc.
The orc is heavily wounded.
The orc closely misses you. The orc hits you but does no damage. x2
You hit the orc.
The orc is almost dead.
The orc hits you with a +0 club. The orc barely misses you.
The orc closely misses you.
You hit the orc but do no damage.
The orc is almost dead.
The orc barely misses you. The orc closely misses you. x2
You hit the orc but do no damage.
The orc is almost dead.
The orc hits you but does no damage. The orc hits you with a +0 club.
The orc barely misses you. The orc hits you with a +0 war axe.
* * * LOW HITPOINT WARNING * * *
The orc hits you with a +0 club.
* * * LOW HITPOINT WARNING * * *
The orc hits you but does no damage.
You hit the orc but do no damage.
The orc is almost dead.
The orc misses you. The orc hits you with a +0 club.
You die...

#........####...........
#........'..............
#........####..........#
#........# #...##.....#
#........# #...##.....#
#.......#.........##....
#.......#.........##.##.
#.......#.........##.##.
#.....o@############+###
#.....o)o...... .......
#.............. .......
#.............. .......
#.............. .......#
#.............. ........
############### #....
##..† ##...


You could see 3 orcs.

Vanquished Creatures
  An orc priest (D:3)
  Natasha (D:3)
  3 adders
  An ufetubus (D:2)
  2 worms (D:2)
  4 orcs
  3 ball pythons
  3 endoplasms (D:1)
  3 giant cockroaches
  3 goblins (D:2)
  10 hobgoblins
  4 jackals (D:2)
  3 quokkas
  A bat (D:1)
  3 frilled lizards
  6 kobolds
  4 rats
55 creatures vanquished.

Notes
Turn   | Place    | Note
-------+----------+-------------------------------------------
     0 | D:1      | monsoonserge the Demonspawn Reaver began the quest for the
                  | Orb.
     0 | D:1      | Reached XP level 1. HP: 16/16 MP: 3/3
   333 | D:1      | Gained mutation: Your movements are slightly less
                  | encumbered by armour. (ER -2) [demonic ancestry]
   333 | D:1      | Reached XP level 2. HP: 18/22 MP: 5/5
   869 | D:1      | Reached skill level 1 in Armour
  1205 | D:2      | Gained mutation: You sometimes gain a little power by
                  | taking damage. [demonic ancestry]
  1205 | D:2      | Reached XP level 3. HP: 9/27 MP: 6/6
  1793 | D:2      | Reached XP level 4. HP: 32/34 MP: 7/7
  2339 | D:3      | Noticed Natasha
  2346 | D:3      | Killed Natasha
  2347 | D:3      | Reached skill level 1 in Necromancy
  2374 | D:3      | Reached XP level 5. HP: 23/35 MP: 6/8
  2380 | D:3      | Slain by an orc

Illustrated notes

Levels and vault maps discovered:
D:1:      minmay_arrival_doors, layout_basic, minmay_tetromino_i2
D:2:      layout_loops_ring, guppyfry_early_orc_mine
D:3:      layout_basic, nicolae_uskayaw_suspiria, mainiacjoe_overflow_alcove_2,
          uniq_grinder, uniq_natasha

Skill      XL: |  1  2  3  4 |
---------------+-------------+-----
Maces & Flails | 3 |  3.3
Armour         | 1 2 |  2.2
Dodging        | 2 |  2.2
Fighting       | 3 |  3.1
Necromancy     | 1 |  1.0
Spellcasting   | |  2.0
Conjurations   | |  3.3

Action                     |  1- 3 |  4- 6 || total
---------------------------+-------+-------++-------
  Melee: Mace              |   138 |   100 ||   238
         Punch             |     1 |       ||     1
   Cast: Kiss of Death     |       |     2 ||     2
 Armour: Leather armour    |     5 |       ||     5
         Ring mail         |    32 |    55 ||    87
  Dodge: Dodged            |    86 |    94 ||   180
